 Dungeon Crawl Stone Soup version 0.31-a0-188-g5e087ee2ca (webtiles) character file.

Game seed: 278064212525238592

117 qw the Skirmisher (level 4, 0/25 HPs)
             Began as a Deep Elf Hunter on June 23, 2023.
             Succumbed to their own poison gas
             ... on level 3 of the Dungeon.
             The game lasted 00:00:46 (1996 turns).

qw the Skirmisher (Deep Elf Hunter)                 Turns: 1996, Time: 00:00:47

Health: 0/25       AC: 10    Str: 17    XL:     4   Next: 71%
Magic:  6/6        EV: 12    Int: 14    God:
Gold:   146        SH:  0    Dex: 20    Spells: 3/3 levels left

rFire   . . .        Y - +1 shortbow
rCold   . . .        (shield currently unavailable)
rNeg    . . .        b - +0 ring mail
rPois   .            (no helmet)
rElec   .            (no cloak)
rCorr   .            a - +2 pair of gloves {Str+3}
SInv    .            o - +1 pair of boots {Stlth+}
Will    .....        (no amulet)
Stlth   ++           i - +6 ring of strength
HPRegen 0.24/turn    (no ring)
MPRegen 0.10/turn

%: no passive effects
@: lethally poisoned (0 -> -1), attractive
A: no striking features
a: no special abilities


You were on level 3 of the Dungeon.
You visited 1 branch of the dungeon, and saw 3 of its levels.

You collected 146 gold pieces.


   Skills:
 - Level 1.5 Fighting
 + Level 8.0 Ranged Weapons
 - Level 2.8 Dodging
 - Level 1.2 Stealth


You had 3 spell levels left.
You didn't know any spells.
Your spell library was empty.

Inventory:

Hand Weapons
 Y - a +1 shortbow (weapon)
Armour
 a - a +2 pair of gloves of strength (worn)
 b - a +0 ring mail (worn)
 o - a +1 pair of boots of stealth (worn)
Jewellery
 i - a +6 ring of strength (left hand)
Scrolls
 f - a scroll of identify
Potions
 d - a potion of enlightenment
 e - a potion of might {unknown}
 j - a potion of brilliance {unknown}
 k - a potion of lignification {unknown}
 m - a potion of haste {unknown}
 n - a potion of magic {unknown}
 p - a potion of heal wounds {unknown}

Dungeon Overview and Level Annotations

Branches:
Dungeon (3/15)

Altars:
Cheibriados
The Shining One


Message History

1985 ||| DRINKING 2 emerald potions.
It was a potion of attraction.
You feel attractive to monsters.
Done exploring.
1986 ||| READING 2 scrolls of identify.
As you read the scroll of identify, it crumbles to dust.
d - a potion of enlightenment;
1986 ||| IDENTIFYING grey potion Done exploring.
1987 ||| DROPPING potion of attraction.
You drop a potion of attraction.
Done exploring.
(D) Dungeon
Where to? (* - list waypoints, Enter - D:3, ? - help)
What level of the Dungeon? (default 1, ? - help) Sorry, I don't know how to get there.
Enter note:
Enter note:
Enter note:
Enter note:
Enter note:
Enter note: Really walk into that cloud of poison gas?
You are engulfed in poison gas.
You are poisoned.
You feel very sick.
1989 ||| Stepping ~*~*~tactically~*~*~ (cloud).
You feel very sick.
Things that are here:
a potion of attraction; a +0 leather armour; a wand of flame (22)
There is a lethal amount of poison in your body!
You feel very sick.
There is a lethal amount of poison in your body!
You feel sick.
There is a lethal amount of poison in your body!
You feel sick.
There is a lethal amount of poison in your body!
You feel sick.
There is a lethal amount of poison in your body!
You feel sick.
There is a lethal amount of poison in your body!
You feel sick.
There is a lethal amount of poison in your body!
You die...

#.#######.#.............#.....#..
........#.#.#...........#.._..###
#.#####.#.#.#########.####...## #
......#.#.#.# #.# #...# #
#.###.#.#.#.#########¤####...# #
#.........#.##.0¤¤..¤0¤#.....# #
#####.#...#.##¤0.000000#.....####
.# #.....#.##.000¤0...#.........
#######.#.#)##¤¤@¤¤00¤¤#.....####
........#.#.##¤000.0000#.....# #
#########.#..¤....¤0000#.....# #
..........####0.0.00¤(.#.....# #
########### ###########.....# #
#.....# # ####### #


There were no monsters in sight!

Vanquished Creatures
  An orc wizard (D:3)
  2 adders (D:2)
  A worm (D:2)
  3 dart slugs
  3 orcs (D:3)
  5 endoplasms
  3 giant cockroaches
  6 goblins
  4 hobgoblins
  3 jackals (D:1)
  5 quokkas
  4 ball pythons
  8 bats
  2 frilled lizards (D:3)
  3 kobolds
  3 rats
56 creatures vanquished.

Notes
Turn   | Place    | Note
-------+----------+-------------------------------------------
     0 | D:1      | qw the Deep Elf Hunter began the quest for the Orb.
     0 | D:1      | Reached XP level 1. HP: 12/12 MP: 3/3
     0 | D:1      | 0 ||| qw: Version: 0.3-a-9-g12657ce
     0 | D:1      | 0 ||| qw: Game counter: 3416
     0 | D:1      | 0 ||| qw: Always use a shield: true
     0 | D:1      | 0 ||| qw: God list: Okawaru
     0 | D:1      | 0 ||| qw: Allow faded altars: false
     0 | D:1      | 0 ||| qw: Do Orc after D:15 true
     0 | D:1      | 0 ||| qw: Do second Lair branch before Depths: true
     0 | D:1      | 0 ||| qw: Lair rune preference: random
     0 | D:1      | 0 ||| qw: Plans: Normal
     0 | D:1      | 0 ||| PLANNING D:1-11
   109 | D:1      | Reached XP level 2. HP: 16/16 MP: 4/4
   125 | D:1      | Reached skill level 6 in Ranged Weapons
   611 | D:1      | Found a faded altar of an unknown god.
   642 | D:1      | 642 ||| UPGRADING to +6 ring of strength.
   643 | D:1      | 643 ||| READING scroll labelled WICAIB GUCEKH.
   644 | D:1      | 644 ||| READING scroll labelled ECKIAF GIYN.
   645 | D:1      | 645 ||| READING scroll labelled MEEVVE PIVAEXO.
   645 | D:1      | Identified a scroll of acquirement
   645 | D:1      | 645 ||| ACQUIRING +2 pair of gloves of strength
   645 | D:1      | Acquired a +2 pair of gloves of strength
   647 | D:1      | 647 ||| UPGRADING to +2 pair of gloves of strength.
   652 | D:1      | 652 ||| READING scroll labelled QIDU BYKUENN.
   653 | D:1      | 653 ||| DROPPING scroll of butterflies.
   736 | D:2      | Reached XP level 3. HP: 14/20 MP: 5/5
   804 | D:2      | Reached skill level 7 in Ranged Weapons
  1269 | D:2      | Reached XP level 4. HP: 25/25 MP: 6/6
  1325 | D:2      | 1325 ||| DROPPING ring of wizardry.
  1326 | D:2      | 1326 ||| READING scroll labelled POREIKK HOEPI.
  1331 | D:2      | 1331 ||| READING scroll labelled ZAWAEJ TOSU.
  1465 | D:3      | Reached skill level 8 in Ranged Weapons
  1530 | D:3      | Found a snail-covered altar of Cheibriados.
  1566 | D:3      | Found a glowing golden altar of the Shining One.
  1967 | D:3      | 1967 ||| UPGRADING to +0 ring mail.
  1977 | D:3      | 1977 ||| DROPPING +0 leather armour.
  1978 | D:3      | 1978 ||| UPGRADING to +0 pair of boots of stealth.
  1983 | D:3      | 1983 ||| READING scroll of enchant armour.
  1983 | D:3      | 1983 ||| ENCHANTING +0 pair of boots of stealth.
  1984 | D:3      | 1984 ||| READING scroll labelled FUFFOS OFFYOH.
  1985 | D:3      | 1985 ||| DRINKING 2 emerald potions.
  1986 | D:3      | 1986 ||| READING 2 scrolls of identify.
  1986 | D:3      | 1986 ||| IDENTIFYING grey potion
  1987 | D:3      | 1987 ||| DROPPING potion of attraction.
  1989 | D:3      | 1989 ||| Stepping ~*~*~tactically~*~*~ (cloud).
  1991 | D:3      | HP: 5/25 [poisoned by you (poison gas)]
  1994 | D:3      | HP: 2/25 [poisoned by you (poison gas)]
  1996 | D:3      | Succumbed to their own poison gas

Levels and vault maps discovered:
D:1:      sevenhm_arrival_forest_fort_small_6, layout_loops_ring,
          shapermc_ecumenical_altar_petra
D:2:      layout_basic, minmay_pentomino_q4
D:3:      layout_basic, lemuel_doored_altar, mainiacjoe_overflow_alcove_1

Skill      XL: |  1  2  3  4 |
---------------+-------------+-----
Ranged Weapons | 6 7 8 |  8.0
Fighting       | |  1.5
Dodging        | |  2.8
Stealth        | |  1.2

Action                     |  1- 3 |  4- 6 || total
---------------------------+-------+-------++-------
   Fire: Shortbow          |    88 |    54 ||   142
    Use: Scroll            |     4 |     5 ||     9
         Potion            |       |     1 ||     1
 Armour: Leather armour    |     5 |     3 ||     8
  Dodge: Dodged            |    13 |    11 ||    24

Table legend:
 A = Non-vault XP
 B = Vault XP
 C = Vault XP percentage of total XP
 D = Non-vault monster count
 E = Vault monster count
 F = Vault count percentage of total count
                 A         B        C        D         E       F
            +---------+---------+-------+---------+---------+-------
      Total |     164 |       4 |   2.4 |      55 |       1 |   1.8
            +---------+---------+-------+---------+---------+-------
        D:1 |      36 |       0 |   0.0 |      20 |       0 |   0.0
        D:2 |      61 |       4 |   6.2 |      17 |       1 |   5.6
        D:3 |      67 |       0 |   0.0 |      18 |       0 |   0.0
            +---------+---------+-------+---------+---------+-------
